 Dungeon Crawl Stone Soup version 0.28.0-43-g3370ac3207 (webtiles) character file.

Game seed: 16369961876826941894

253 protoss039 the Magician (level 5, 0/28 HPs)
             Began as a Deep Elf Fire Elementalist on Mar 28, 2022.
             Was an Initiate of Sif Muna.
             Slain by a centaur (1 damage)
             ... on level 5 of the Dungeon.
             The game lasted 00:05:51 (5062 turns).

protoss039 the Magician (DEFE)                      Turns: 5062, Time: 00:05:51

Health: 0/28       AC:  2    Str: 11    XL:     5   Next: 90%
Magic:  12/14      EV: 13    Int: 28    God:    Sif Muna [......]
Gold:   212        SH:  0    Dex: 15    Spells: 1/14 levels left

rFire   . . .      SeeInvis .   i - +4 rapier
rCold   . . .      Faith    .   (no shield)
rNeg    . . .      Spirit   .   a - +0 robe
rPois   .          Reflect  .   (no helmet)
rElec   .          Harm     .   (no cloak)
rCorr   .          Rampage  .   (no gloves)
Will    .....                   (no boots)
Stlth   ++........              (no amulet)
HPRegen 0.09/turn               m - +6 ring of strength
MPRegen 0.14/turn               r - +6 ring of intelligence

@: mighty, attractive
A: no striking features
a: Renounce Religion


You were on level 5 of the Dungeon.
You worshipped Sif Muna.
Sif Muna was noncommittal.
You visited 1 branch of the dungeon, and saw 5 of its levels.

You collected 212 gold pieces.

Inventory:

Hand Weapons
 i - a +4 rapier (weapon)
Armour
 a - a +0 robe (worn)
Jewellery
 m - a +6 ring of strength (left hand)
 r - a +6 ring of intelligence (right hand)
Scrolls
 d - a scroll of noise {unknown}
 e - a scroll of amnesia {unknown}
 g - a scroll of summoning {unknown}
 j - a scroll of vulnerability {unknown}
 k - 2 scrolls of identify {unknown}
 l - 2 scrolls of immolation {unknown}
 o - a scroll of magic mapping {unknown}
 s - a scroll of acquirement {unknown}
Potions
 c - a potion of resistance {unknown}
 f - a potion of cancellation {unknown}
 h - a potion of berserk rage {unknown}
 n - a potion of lignification {unknown}
 p - 2 potions of attraction
 q - a potion of curing {unknown}


   Skills:
 * Level 0.1 Fighting
 - Level 3.0 Dodging
 - Level 3.0 Stealth
 + Level 5.0 Spellcasting
 + Level 3.0 Conjurations
 * Level 2.2 Hexes
 + Level 4.8 Fire Magic
 * Level 0.1 Invocations


You had one spell level left.
You knew the following spells:

 Your Spells              Type           Power      Damage    Failure   Level
a - Foxfire               Conj/Fire      100%       2x1d9     1%          1
b - Scorch                Fire           66%        2d8       1%          2
c - Conjure Flame         Conj/Fire      28%        6-21      4%          3
d - Inner Flame           Hex/Fire       26%        N/A       4%          3
e - Flame Wave            Conj/Fire      28%        2d8       13%         4

Your spell library contained the following spells:

 Spells                   Type           Power      Damage    Failure   Level
 Magic Dart               Conj           96%        1d7       1%          1
 Searing Ray              Conj           48%        2d6       3%          2
 Sublimation of Blood     Necr           7%         N/A       10%         2
 Wereblood                Tmut           7%         N/A       10%         2
 Fulminant Prism          Conj/Hex       10%        3d9       22%         4
 Summon Hydra             Summ           3%         N/A       100%        7


Dungeon Overview and Level Annotations

Branches:
Dungeon (5/15)
 Temple: D:4-7

Altars:
Makhleb
Sif Muna
Wu Jian

Shops:
D:1 *   D:3 :

Annotations:
D:3 1 exclusion


Message History

Found a stone staircase leading up.
You now have enough gold to buy a masterwork long sword on D:1.
You can access your shopping list by pressing '$'.
You now have 212 gold pieces (gained 14).
Found a stone staircase leading down.
A centaur comes into view.
The centaur shouts!
The centaur wields a +0 shortbow.
The centaur shoots an arrow.
The arrow hits you!
A centaur is nearby!
A centaur is nearby!
The centaur shoots an arrow.
The arrow hits you!
Okay, then.
It was a potion of attraction.
You feel attractive to monsters.
Unknown command.
Unknown command.
Unknown command.
Okay, then.
Okay, then.
Okay, then.
It was a potion of might.
You feel very mighty all of a sudden.
Unknown command.
Unknown command.
You start resting.
The centaur unwields a +0 shortbow.
The centaur hits you.
* * * LOW HITPOINT WARNING * * *
The centaur kicks you but does no damage.
Unknown command.
Unknown command.
Casting: Foxfire (safe; 1% risk of failure)
Confirm with . or Enter, or press ? or * to list all spells.
Flames lash the centaur.
The centaur is moderately wounded.
The centaur's fire resistance burns away.
The centaur hits you.
* * * LOW HITPOINT WARNING * * *
The centaur kicks you.
You die...

###########
..........############
..>...................
#.####.#.############
#...#.# #.#.#.#
##.#.#.# # #.@#....
#.#c##.#.#.
#........c.
#.#.##.#.#+ #.#.. .# #
####


You could see a centaur (combustible).

Vanquished Creatures
  Jessica (D:3)
  An orc wizard (D:4)
  Natasha (twice) (D:3)
  5 adders
  2 dart slugs
  12 orcs
  5 bats
  8 endoplasms
  3 giant cockroaches
  9 goblins
  10 hobgoblins
  8 kobolds
  3 quokkas
  9 ball pythons
  6 frilled lizards
  2 rats (D:1)
86 creatures vanquished.

Vanquished Creatures (others)
  452 foxfires
  3 fungi (D:3)
  7 plants (D:3)
462 creatures vanquished.

Grand Total: 548 creatures vanquished

Notes
Turn   | Place    | Note
-------+----------+-------------------------------------------
     0 | D:1      | protoss039 the Deep Elf Fire Elementalist began the quest
                  | for the Orb.
     0 | D:1      | Reached XP level 1. HP: 10/10 MP: 6/6
   446 | D:1      | Reached XP level 2. HP: 15/15 MP: 8/8
   789 | D:1      | Found Xekhy's Assorted Antiques.
  1238 | D:1      | Learned a level 2 spell: Scorch
  1248 | D:2      | Reached XP level 3. HP: 19/19 MP: 0/10
  2172 | D:2      | Learned a level 3 spell: Conjure Flame
  2176 | D:2      | Learned a level 3 spell: Inner Flame
  2181 | D:3      | Reached skill level 4 in Spellcasting
  2216 | D:3      | Reached XP level 4. HP: 24/24 MP: 9/12
  2749 | D:3      | Found a faded altar of an unknown god.
  2869 | D:3      | Noticed Jessica
  2870 | D:3      | Noticed Natasha
  2874 | D:3      | Killed Jessica
  2875 | D:3      | Reached skill level 1 in Hexes
  2879 | D:3      | Killed Natasha
  2880 | D:3      | Reached XP level 5. HP: 17/28 MP: 2/13
  3040 | D:3      | Found a burning altar of Makhleb.
  3099 | D:3      | Noticed Natasha
  3103 | D:3      | Killed Natasha
  3275 | D:3      | Found Depiacra's Book Emporium.
  4404 | D:4      | Found a shimmering blue altar of Sif Muna.
  4409 | D:4      | Became a worshipper of Sif Muna the Loreminder
  4478 | D:4      | Reached skill level 5 in Spellcasting
  4645 | D:4      | Found an ornate altar of the Wu Jian Council.
  4808 | D:4      | Learned a level 4 spell: Flame Wave
  4809 | D:5      | Entered Level 5 of the Dungeon
  5055 | D:5      | Noticed a centaur
  5062 | D:5      | HP: 1/28 [centaur (4)]
  5062 | D:5      | Slain by a centaur

Illustrated notes

Levels and vault maps discovered:
D:1:      roderic_lyre, layout_basic, serial_shops, shop, minmay_misc_feat_five
D:2:      layout_rooms
D:3:      layout_basic, demons_altar, shapermc_ecumenical_altar_ellora,
          serial_shops, shop, uniq_jessica, uniq_natasha
D:4:      layout_layer_cave, nzn_wu_jian_council_hall, marbit_many_paths
D:5:      layout_basic, mainiacjoe_overflow_boulevard, temple_hall,
          minmay_crystal_water, minmay_stone_trees_small, minmay_small_thing

Skill      XL: |  1  2  3  4  5 |
---------------+----------------+-----
Stealth        | 3 |  3.0
Dodging        | 3 |  3.0
Fire Magic     | 4 |  4.8
Spellcasting   | 4 5 |  5.0
Conjurations   | 2 3 |  3.0
Hexes          | 1 2 |  2.2
Fighting       | |  0.1
Invocations    | |  0.1

Action                   |  1- 3 |  4- 6 || total
-------------------------+-------+-------++-------
Melee: Short sword       |    11 |       ||    11
       Punch             |     2 |       ||     2
       Rapier            |       |    14 ||    14
 Cast: Foxfire           |   116 |   133 ||   249
       Scorch            |     4 |     4 ||     8
  Use: Potion            |       |     2 ||     2
 Stab: Sleeping          |     1 |       ||     1
Armor: Robe              |     3 |     4 ||     7
Dodge: Dodged            |    13 |     8 ||    21
